 Dungeon Crawl Stone Soup version 0.31.0-4-g52a2dc7128 (console) character file.

Game seed: 18309942529403036637

270 AlterAsc the Magician (level 6, -11/32 HPs)
             Began as a Deep Elf Fire Elementalist on Jan 21, 2024.
             Mangled by an ogre
             ... wielding a +0 giant club
              (15 damage)
             ... on level 4 of the Dungeon.
             The game lasted 00:10:45 (3897 turns).

AlterAsc the Magician (Deep Elf Fire Elementalist)  Turns: 3897, Time: 00:10:45

Health: -11/32     AC:  3    Str:  5    XL:     6   Next: 1%
Magic:  4/16       EV: 12    Int: 22    God:
Gold:   198        SH:  5    Dex: 15    Spells: 5/15 levels left

rFire   . . .        i - staff of air
rCold   . . .        (no shield)
rNeg    . . .        a - +0 robe
rPois   .            (no helmet)
rElec   +            (no cloak)
rCorr   .            d - +0 pair of gloves
SInv    .            (no boots)
Will    +....        q - amulet of reflection
Stlth   +++          m - ring of willpower
HPRegen 0.25/turn    (no ring)
MPRegen 0.15/turn

%: reflection
@: no status effects
A: no striking features
a: no special abilities


You were on level 4 of the Dungeon.
You visited 1 branch of the dungeon, and saw 4 of its levels.

You collected 198 gold pieces.

Inventory:

Armour
 a - a +0 robe (worn)
 d - a +0 pair of gloves (worn)
Magical Staves
 i - a staff of air (weapon)
Jewellery
 m - a ring of willpower (left hand)
 q - an amulet of reflection (around neck)
Talismans
 f - a dragon-blood talisman
Scrolls
 c - 5 scrolls of identify {unknown}
 e - a scroll of butterflies {unknown}
 g - a scroll of silence {unknown}
 j - a scroll of fear {unknown}
 l - 2 scrolls of poison {unknown}
 n - a scroll of noise {unknown}
 p - 2 scrolls of vulnerability {unknown}
 r - a scroll of enchant weapon {unknown}
Potions
 b - a potion of magic
 h - 2 potions of curing {unknown}
 k - 2 potions of might {unknown}
 o - a potion of invisibility {unknown}
 s - a potion of lignification {unknown}
 t - a potion of berserk rage {unknown}


   Skills:
 - Level 2.5 Dodging
 + Level 3.9 Stealth
 * Level 5.4 Spellcasting
 + Level 2.7 Conjurations
 * Level 5.0 Fire Magic


You had 5 spell levels left.
You knew the following spells:

 Your Spells              Type           Power      Damage    Failure   Level
a - Foxfire               Conj/Fire      92%        2x1d8     1%          1
b - Scorch                Fire           56%        2d7       1%          2
c - Inner Flame           Hex/Fire       17%        N/A       11%         3
d - Flame Wave            Conj/Fire      23%        2d8       19%         4

Your spell library contained the following spells:

 Spells                   Type           Power      Damage    Failure   Level
 Volatile Blastmotes      Fire/Tloc      34%        2d12      11%         3
 Hailstorm                Conj/Ice       11%        3d6       17%         3
 Gell's Gravitas          Tloc           5%         N/A       28%         3
 Summon Ice Beast         Ice/Summ       5%         N/A       28%         3
 Teleport Other           Tloc           5%         N/A       28%         3
 Dispersal                Tloc           2%         N/A       100%        6
 Sculpt Simulacrum        Ice/Alch       2%         N/A       100%        6


Dungeon Overview and Level Annotations

Branches:
Dungeon (4/15)
 Temple: D:4-7

Altars:


Message History

The orc throws a boomerang.
The boomerang barely misses you.
There is a stone staircase leading up here.
Casting: Foxfire (safe; 1% risk of failure)
Confirm with . or Enter, or press ? or * to list all spells.
You conjure some foxfire!
The orc throws a boomerang.
The boomerang barely misses you.
The foxfire hits the orc.
You kill the orc!
The foxfire hits the orc.
The orc is heavily wounded.
Casting: Foxfire (safe; 1% risk of failure)
Confirm with . or Enter, or press ? or * to list all spells.
You conjure some foxfire!
The foxfire hits the orc.
The orc is heavily wounded.
The foxfire hits the orc.
The orc is almost dead.
Casting: Foxfire (safe; 1% risk of failure)
Confirm with . or Enter, or press ? or * to list all spells.
You conjure some foxfire!
The foxfire hits the orc.
You kill the orc!
The foxfire hits the ogre.
The ogre is lightly wounded.
Casting: Foxfire (safe; 1% risk of failure)
Confirm with . or Enter, or press ? or * to list all spells.
Flames lash the orc.
The orc is lightly wounded.
The orc's fire resistance burns away.
Casting: Scorch (safe; 1% risk of failure)
Confirm with . or Enter, or press ? or * to list all spells.
Flames lash the ogre.
The ogre is moderately wounded.
The ogre's fire resistance burns away.
The ogre hits you with a +0 giant club!!
Ouch! That really hurt!
* * * LOW HITPOINT WARNING * * *
The orc is no longer more vulnerable to fire.
The ogre is no longer more vulnerable to fire.
The ogre hits you with a +0 giant club!
You die...

..............#............#
..............#>...........#
#..............####.########
#.................#........######
#..............##.#####..........
...............##.#####.##.######
.#..........#####..........#
............#.......<......#
............#.####........##.###
............#....................
..........#.#.oO@#....######.####
..###.....#.#....+......##...###
.................#....)........#
.............o...#####)........#
.....###.........#....)†.......#
.... #...#.#....#......##+#####
.### ##..)#.##########.....# ...#
#...<#...........)...## ...#
#...)########........#
...###....'...............#
...+.#....######..........#


You could see an ogre and 2 orcs.

Vanquished Creatures
  2 orc priests (D:3)
  An orc wizard (D:4)
  7 adders
  5 dart slugs
  4 ribbon worms
  14 orcs
  4 bats
  7 endoplasms
  5 giant cockroaches
  5 goblins
  10 hobgoblins
  4 jackals
  7 kobolds
  6 ball pythons
  3 frilled lizards (D:3)
  2 rats
86 creatures vanquished.

Vanquished Creatures (others)
  113 foxfires
113 creatures vanquished.

Grand Total: 199 creatures vanquished

Notes
Turn   | Place    | Note
-------+----------+-------------------------------------------
     0 | D:1      | AlterAsc the Deep Elf Fire Elementalist began the quest for
                  | the Orb.
     0 | D:1      | Reached XP level 1. HP: 10/10 MP: 6/6
   169 | D:1      | Reached XP level 2. HP: 15/15 MP: 4/8
   172 | D:1      | Learned a level 2 spell: Scorch
   885 | D:2      | Reached XP level 3. HP: 19/19 MP: 7/10
  1041 | D:2      | Found a faded altar of an unknown god.
  1636 | D:2      | Reached XP level 4. HP: 24/24 MP: 7/12
  1643 | D:2      | Learned a level 3 spell: Inner Flame
  1648 | D:2      | Learned a level 4 spell: Flame Wave
  2531 | D:3      | Reached XP level 5. HP: 20/28 MP: 0/14
  2878 | D:3      | Reached skill level 5 in Spellcasting
  3571 | D:4      | Reached skill level 5 in Fire Magic
  3855 | D:4      | Noticed an ogre
  3881 | D:4      | Reached XP level 6. HP: 32/32 MP: 9/16
  3897 | D:4      | Mangled by an ogre

Illustrated notes

Levels and vault maps discovered:
D:1:      tarquinn_simple_flora_water_d, layout_basic
D:2:      layout_basic, shapermc_ecumenical_altar_mp_urbaneastern,
          corexii_leaking_fountain
D:3:      minmay_octagon_keep, layout_basic
D:4:      layout_basic

Skill      XL: |  1  2  3  4  5 |
---------------+----------------+-----
Stealth        | 3 |  3.9
Spellcasting   | 4 5 |  5.4
Fire Magic     | 4 5 |  5.0
Conjurations   | 2 |  2.7
Dodging        | |  2.5

Action                     |  1- 3 |  4- 6 || total
---------------------------+-------+-------++-------
  Melee: Staff             |       |     5 ||     5
   Cast: Foxfire           |    37 |    51 ||    88
         Scorch            |    12 |    51 ||    63
         Inner Flame       |       |     2 ||     2
 Armour: Robe              |     5 |    21 ||    26
  Dodge: Dodged            |     9 |    23 ||    32
  Block: Other             |       |     6 ||     6
         Reflection        |       |     1 ||     1
         Form:             |     1 |       ||     1
         Dragon            |     1 |       ||     1
